 Dungeon Crawl Stone Soup version 0.20-a0-350-ga83eecc (webtiles) character file.

2130 Karnivor the Grappler (level 9, -14/80 HPs)
             Began as a Troll Monk on Dec 23, 2016.
             Demolished by a hornet (15 damage)
             ... on level 7 of the Dungeon.
             The game lasted 00:30:44 (6647 turns).

Karnivor the Grappler (Troll Monk)                  Turns: 6647, Time: 00:30:45

Health: -14/80     AC:  6    Str: 24    XL:     9   Next: 8%
Magic:  8/8        EV: 10    Int:  6    God:
Gold:   276        SH:  0    Dex: 12    Spells: 6/8 levels left

rFire  . . .     SeeInvis .       - Unarmed
rCold  . . .     Gourm    +     a - +0 robe
rNeg   . . .     Faith    .     (no shield)
rPois  .         Spirit   .     (helmet restricted)
rElec  .         Reflect  .     p - +0 cloak
rCorr  .         Harm     .     (gloves unavailable)
MR     .....                    (boots unavailable)
Stlth  +++.......               (no amulet)
                                o - ring of flight
                                h - ring of stealth

@: lethally poisoned (-14 -> -26), slowed, very slow
A: unfitting armour, claws 3, fast metabolism 3, gourmand, regeneration 1,
shaggy fur 1, tough skin 2
a: Evoke Flight


You were on level 7 of the Dungeon.
You were completely stuffed.

You visited 1 branch of the dungeon, and saw 7 of its levels.
You also visited: Ossuary.

You collected 276 gold pieces.

Inventory:

Missiles
 c - 4 javelins (quivered)
 u - 3 large rocks
Armour
 a - a +0 robe (worn)
 p - a +0 cloak (worn)
Jewellery
 d - an uncursed amulet of faith
 h - a ring of stealth (left claw)
 l - an uncursed ring of fire
 o - a ring of flight (right claw)
 H - an uncursed ring of fire
Wands
 w - a wand of slowing (6/48)
 A - a wand of flame (10/48)
 B - a wand of flame (23/48)
Scrolls
 n - a scroll of teleportation
 t - 3 scrolls of magic mapping {unknown}
 v - a scroll of blinking {unknown}
 y - a scroll of identify
 z - a scroll of enchant armour {unknown}
 C - a scroll of amnesia
 D - a scroll of remove curse
 G - a scroll of fear
Potions
 e - a potion of berserk rage
 f - a potion of resistance
 i - a potion of agility
 m - a potion of invisibility {unknown}
 q - 2 potions of brilliance {unknown}
 r - a potion of cancellation {unknown}
 s - a potion of might {unknown}
Books
 x - a book of Cantrips

   Spells                             Type                      Level
   a - Confusing Touch                Hexes                        1
   b - Animate Skeleton               Necromancy                   1
   c - Summon Small Mammal            Summoning                    1
   d - Apportation                    Translocation                1
 F - a book of Changes

   Spells                             Type                      Level
   a - Beastly Appendage              Transmutation                1
   b - Sticks to Snakes               Transmutation                2
   c - Spider Form                    Transmutation/Poison         3
   d - Ice Form                       Ice/Transmutation            4
   e - Blade Hands                    Transmutation                5
Comestibles
 b - 11 bread rations
 g - a slice of pizza
 k - 4 meat rations
 E - 6 chunks of flesh


   Skills:
 - Level 2.4 Fighting
 - Level 2.4 Dodging
 - Level 1.0 Stealth
 + Level 12.1 Unarmed Combat


You had 6 spell levels left.
You knew the following spells:

 Your Spells              Type           Power        Failure   Level  Hunger
a - Confusing Touch       Hex            #.....       52%         1    ##.....
b - Apportation           Tloc           #.........   52%         1    ##.....


Dungeon Overview and Level Annotations

Branches:
Dungeon (7/15)
 Temple: D:4-7

Altars:
Ashenzari
Elyvilon
Gozag
Hepliaklqana
Makhleb
Trog
Vehumet


Innate Abilities, Weirdness & Mutations

You are too large for most types of armour.
You have claws for hands.
Your metabolism is lightning-fast.
You like to eat raw meat.
Your natural rate of healing is unusually fast.
You are covered in fur. (AC +1)
You have very tough skin. (AC +2)


Message History

You feel as though you will be slow longer.
The hornet stings you!
* * * LOW HITPOINT WARNING * * *
You feel as though you will be slow longer.
Okay, then.
* * * LOW HITPOINT WARNING * * *
You feel very sick.
The hornet stings you but does no damage.
Some of the chunks of flesh in your inventory have rotted away.
* * * LOW HITPOINT WARNING * * *
You feel very sick. The hornet closely misses you. The hornet stings you.
* * * LOW HITPOINT WARNING * * *
You feel as though you will be slow longer.
You closely miss the hornet.
The hornet is almost dead.
* * * LOW HITPOINT WARNING * * *
You feel very sick. The hornet stings you!
You die...

.............(.........#
.......................# #
...%...................# .#
................?......####.#
............................#
............................#
...................#
...................#
.......@.......###.###
.......y..............
..............#.##.##.
..............#..#.# .##
..............##.#.##..
..............##(..##.#
...................##.##
...............##.......
..................>.#.#


You could see a hornet.

Vanquished Creatures
  The ghost of Karnivor the Covered, an amateur GrFi (D:4)
  A spriggan (D:7)
  Sigmund (D:3)
  The ghost of McSplat the Chiller, an amateur MfIE (D:3)
  A sky beast (D:5)
  An ice beast (D:6)
  2 centaurs
  3 ogres
  4 killer bees (D:5)
  2 howler monkeys
  A crimson imp (D:7)
  An orc priest (D:6)
  Crazy Yiuf (D:2)
  A bullfrog skeleton (D:5)
  2 jellies (D:6)
  A centaur skeleton (D:4)
  2 orc wizards
  8 worker ants
  A big kobold zombie (Ossuary)
  A hound skeleton (D:7)
  A mummy (D:5)
  8 adders
  2 shadow imps
  An ooze (D:2)
  A dart slug (D:1)
  4 leopard geckos
  13 orcs
  9 giant cockroaches
  4 hobgoblins
  8 jackals
  9 kobolds
  4 quokkas
  A ball python (D:2)
  7 bats
  6 frilled lizards
  5 goblins
  A jackal zombie (D:6)
  2 orc zombies (D:5)
  A quokka zombie (D:5)
  11 rats
134 creatures vanquished.

Notes
Turn   | Place    | Note
-------+----------+-------------------------------------------
     0 | D:1      | Karnivor the Troll Monk began the quest for the Orb.
     0 | D:1      | Reached XP level 1. HP: 22/22 MP: 0/0
   246 | D:1      | Reached XP level 2. HP: 29/29 MP: 1/1
   835 | D:2      | Reached skill level 4 in Unarmed Combat
   940 | D:2      | Reached XP level 3. HP: 29/36 MP: 2/2
  1475 | D:2      | Found a runed door.
  1686 | D:2      | Noticed Crazy Yiuf
  1692 | D:2      | Killed Crazy Yiuf
  1692 | D:2      | Reached skill level 5 in Unarmed Combat
  1692 | D:2      | Reached XP level 4. HP: 40/44 MP: 3/3
  1868 | D:3      | Noticed Sigmund
  2079 | D:3      | Found a shattered altar of Ashenzari.
  2202 | D:2      | Reached XP level 5. HP: 48/50 MP: 4/4
  2324 | D:3      | Killed Sigmund
  2324 | D:3      | Reached skill level 7 in Unarmed Combat
  2324 | D:3      | Reached XP level 6. HP: 45/59 MP: 5/5
  2444 | D:3      | Found a faded altar of an unknown god.
  2620 | D:3      | Found an opulent altar of Gozag.
  2678 | D:3      | Found a burning altar of Makhleb.
  2715 | D:3      | Noticed McSplat's ghost (amateur MfIE)
  2729 | D:3      | Killed McSplat's ghost
  3009 | D:4      | Reached skill level 8 in Unarmed Combat
  3009 | D:4      | Reached XP level 7. HP: 66/66 MP: 6/6
  3266 | D:4      | Noticed Karnivor's ghost (amateur GrFi)
  3278 | D:4      | Killed Karnivor's ghost
  3278 | D:4      | Reached skill level 9 in Unarmed Combat
  3646 | D:5      | Entered Level 5 of the Dungeon
  3800 | D:5      | Found a sand-covered staircase.
  3806 | Ossuary  | Entered an ossuary
  3806 | Ossuary  | Noticed McSplat's ghost (amateur MfIE)
  4118 | D:5      | Reached XP level 8. HP: 66/74 MP: 7/7
  4435 | D:5      | Found a bloodstained altar of Trog.
  4734 | D:5      | Reached skill level 10 in Unarmed Combat
  5505 | D:6      | Learned a level 1 spell: Confusing Touch
  5507 | D:6      | Learned a level 1 spell: Apportation
  5912 | D:6      | Found a hazy altar of Hepliaklqana.
  5912 | D:6      | Found a radiant altar of Vehumet.
  5913 | D:6      | Found a white marble altar of Elyvilon.
  5990 | D:6      | Reached skill level 11 in Unarmed Combat
  6465 | D:7      | Reached XP level 9. HP: 50/80 MP: 8/8
  6577 | D:7      | Reached skill level 12 in Unarmed Combat
  6646 | D:7      | HP: 3/80 [hornet (3)]
  6647 | D:7      | HP: 1/80 [poisoned by a hornet]
  6647 | D:7      | Demolished by a hornet

Vault maps used:
D:1:      dpeg_arrival_rooms_c, minmay_curled_crystal, minmay_misc_feat_five
D:2:      wad_pebble_path, uniq_crazy_yiuf_cottage
D:3:      old_standard_altar, lightli_temple_of_fire, evilmike_ruin_ashenzari,
          chequers_ecumenical_altar_simple_redux, first_bread, uniq_sigmund
D:4:      serial_corexii_hall, corexii_hall_statues_u, corexii_hall_statues_i,
          corexii_hall_statues_x
D:5:      lemuel_coloured_pillars_altar, nicolae_ossuary_entry_giza,
          patterned_corridor
D:6:      gammafunk_temple_overflow_claw, nrook_loot_triangle
D:7:      serial_shops, kennysheep_little_box, the_bakery
Ossuary:  ossuary_minmay_tomb_2a

Skill      XL: |  1  2  3  4  5  6  7  8  9 |
---------------+----------------------------+-----
Unarmed Combat | 4 5 7 8 9 11 12 | 12.1
Fighting       | |  2.4
Dodging        | |  2.4
Stealth        | |  1.0

Action                   |  1- 3 |  4- 6 |  7- 9 || total
-------------------------+-------+-------+-------++-------
Melee: Unarmed           |   103 |    80 |   162 ||   345
       Punch             |     1 |       |     3 ||     4
  Use: Scroll            |       |     6 |     5 ||    11
       Potion            |       |       |     6 ||     6
 Stab: Sleeping          |     2 |    11 |     7 ||    20
  Eat: Chunk             |    15 |    18 |    33 ||    66
Armor: Robe              |    34 |    28 |    78 ||   140
Dodge: Dodged            |    50 |    48 |   125 ||   223
